AoeStats
← Fluvialgeomorphologist

Black Forest

503958034Analyzed
4v4 RM · 29d ago on Sep 3, 2026· 40m 41s· 8 players
Game mode
Random Map
Map size
Large (8 player)
Population
200
Speed
Normal
Resources
Standard
Victory
Conquest
Starting age
Dark Age
Ending age
Imperial Age
RankedLock teamsTeams togetherTeam positionsShared explorationLock speedFull tech treeHidden civsTurbo modeCheats
Victory
Defeat
🇨🇳 Italians · China
1057
+12
🇨🇳 Bohemians · China
1017
+13
🇲🇽 Romans · Mexico
1011
+14
🇲🇽 Khmer · Mexico
962
+16
🇹🇼 Persians · Taiwan
1003
-16
🇨🇳 Koreans · China
965
-14
🇹🇼 Byzantines · Taiwan
950
-13
🇺🇸 Bohemians · United States
926
-12
Fluvialgeomorphologist
1:07 Loom
12:01 Feudal Age
13:09 Double-Bit Axe
15:57 Castle Age
14:21 Horse Collar
16:58 Bow Saw
17:27 Wheelbarrow
19:35 Fervor
23:43 Hand Cart
29:16 Imperial Age
27:02 Pikeman
27:44 Squires
30:13 Caravan
31:23 Wagenburg Tactics
31:39 Conscription
30:46 Capped Ram
31:31 Husbandry
30:52 Light Cavalry
32:03 Ballistics
31:24 Elite Skirmisher
32:32 Padded Archer Armor
32:22 Fletching
32:43 Forging
33:57 Chemistry
34:19 Siege Engineers
34:21 Squires
36:09 Bombard Tower
Zain
0:27 Loom
13:08 Feudal Age
16:40 Castle Age
14:43 Horse Collar
14:49 Double-Bit Axe
15:17 Stone Mining
17:35 Bow Saw
18:25 Heavy Plow
21:04 Wheelbarrow
29:17 Imperial Age
27:01 Gold Mining
30:51 Hand Cart
32:28 Chemistry
31:41 Fletching
33:06 Scale Barding Armor
33:11 Forging
33:52 Husbandry
33:13 Heavy Camel Rider
34:56 Chain Barding Armor
35:12 Iron Casting
36:32 Conscription
38:53 Gold Shaft Mining
mj871231
0:53 Loom
1:25 Loom
12:49 Feudal Age
14:04 Double-Bit Axe
16:28 Castle Age
17:26 Bow Saw
17:50 Horse Collar
20:19 Town Watch
24:25 Wheelbarrow
26:26 Heavy Plow
27:00 Hand Cart
26:47 Stone Mining
29:05 Scale Barding Armor
29:59 Gold Mining
30:33 Chain Barding Armor
30:23 Forging
30:39 Bloodlines
30:30 Husbandry
33:14 Imperial Age
33:09 Elite War Elephant
34:10 Conscription
34:28 Plate Barding Armor
34:29 Iron Casting
35:45 Crop Rotation
36:19 Two-Man Saw
37:34 Blast Furnace
41:24 Chemistry
40:24 Fletching
40:59 Ballistics
40:50 Masonry
VespidVeil98689
12:14 Feudal Age
13:34 Fishing Lines
18:54 Castle Age
17:20 Horse Collar
18:38 Double-Bit Axe
21:09 Gillnets
22:19 Bow Saw
24:28 Wheelbarrow
24:29 Stone Mining
26:37 Heavy Plow
PGTKing50
0:31 Loom
12:11 Feudal Age
17:13 Castle Age
16:21 Double-Bit Axe
16:51 Horse Collar
18:17 Wheelbarrow
18:18 Bow Saw
18:23 Heavy Plow
27:15 Hand Cart
31:38 Imperial Age
29:53 Gold Mining
30:14 Ballistas
30:32 Town Watch
31:23 Squires
30:44 Pikeman
31:52 Heavy Scorpion
33:51 Chemistry
33:03 Fortified Wall
32:30 Halberdier
33:41 Ballistics
34:09 Gold Shaft Mining
34:31 Scale Mail Armor
34:42 Forging
35:42 Town Patrol
36:19 Chain Mail Armor
36:40 Iron Casting
38:24 Stone Mining
HwYe
2:38 Loom
10:06 Feudal Age
10:46 Double-Bit Axe
16:32 Castle Age
15:34 Horse Collar
18:45 Bow Saw
26:54 Wheelbarrow
31:38 Imperial Age
28:54 Town Watch
29:21 Forging
29:17 Scale Barding Armor
29:15 Scale Mail Armor
30:01 Hand Cart
30:50 Chemistry
29:55 Pikeman
30:35 Squires
30:21 Arson
31:30 Heavy Plow
32:26 Iron Casting
32:07 Chain Mail Armor
32:51 Town Patrol
33:15 Conscription
34:51 Blast Furnace
33:36 Treadmill Crane
35:21 Two-Man Saw
34:42 Fortified Wall
34:28 Murder Holes
35:41 Wagenburg Tactics
37:10 Plate Mail Armor
37:29 Ballistics
37:15 Siege Engineers
38:20 Caravan
37:55 Halberdier
40:05 Hussite Reforms
ThiranoMarck
1:51 Loom
13:18 Feudal Age
16:06 Castle Age
13:55 Double-Bit Axe
29:52 Imperial Age
27:16 Gold Mining
27:17 Stone Mining
27:39 Bow Saw
28:06 Wheelbarrow
29:20 Ballistics
28:52 Fletching
29:13 Forging
29:09 Scale Barding Armor
29:05 Scale Mail Armor
29:14 Fishing Lines
29:56 Bodkin Arrow
31:40 Iron Casting
31:14 Siege Engineers
32:10 Chemistry
32:54 Tusk Swords
32:58 Double Crossbow
33:19 Conscription
32:31 Pikeman
34:56 Blast Furnace
34:24 Chain Mail Armor
33:57 Halberdier
35:40 Gold Shaft Mining
35:07 Bracer
35:56 Heavy Scorpion
路边捡的小孩
0:30 Loom
11:01 Feudal Age
15:45 Castle Age
14:09 Double-Bit Axe
29:30 Imperial Age
27:43 Bow Saw
27:15 Horse Collar
27:27 Gold Mining
31:27 Chemistry
30:44 Pirotechnia
31:16 Conscription
31:02 Squires
31:25 Padded Archer Armor
32:42 Leather Archer Armor
32:52 Ballistics
34:12 Stone Mining
Connection lost

Rejoining the realm…

Still unreachable

The connection could not be restored.

Session expired

The server has moved on; the page needs a fresh start.